 Dungeon Crawl Stone Soup version 0.29.1-13-g9f3cf754e1 (webtiles) character file.

Game seed: 16061171973843604338

1496 kerskuchen the Cleaver (level 8, -1/71 HPs)
             Began as a Hill Orc Fighter on Feb 9, 2023.
             Was a Follower of Yredelemnul.
             Succumbed to a water moccasin's poison
             ... on level 6 of the Dungeon.
             The game lasted 00:22:43 (4889 turns).

kerskuchen the Cleaver (Hill Orc Fighter)           Turns: 4889, Time: 00:22:43

Health: -1/71      AC: 10    Str: 21    XL:     8   Next: 81%
Magic:  8/8        EV: 11    Int:  8    God:    Yredelemnul [*.....]
Gold:   349        SH:  4    Dex: 10    Spells: 7/7 levels left

rFire   . . .      SeeInvis .   x - +1 war axe (vorpal)
rCold   + . .      Faith    .   c - +0 buckler
rNeg    . . .      Spirit   .   t - +2 ring mail "Disewkoe" {rC+ Will+}
rPois   .          Reflect  .   (no helmet)
rElec   .          Harm     .   (no cloak)
rCorr   .          Rampage  .   u - +1 pair of gloves
Will    +....                   (no boots)
Stlth   +.........              (no amulet)
HPRegen 0.21/turn               (no ring)
MPRegen 0.11/turn               (no ring)

@: lethally poisoned (-1 -> -29), hasted, very quick
A: no striking features
a: Renounce Religion, Recall Undead Harvest


You were on level 6 of the Dungeon.
You worshipped Yredelemnul.
Yredelemnul was noncommittal.
You visited 1 branch of the dungeon, and saw 6 of its levels.

You collected 349 gold pieces.

Inventory:

Hand Weapons
 a - a +0 war axe
 j - a +2 quarterstaff of chaos
 k - a +0 scythe
 q - a +2 dagger of distortion
 x - a +1 vorpal war axe (weapon)
Armour
 b - a +0 scale mail
 c - a +0 buckler (worn)
 i - a +0 leather armour
 n - a +0 ring mail
 t - the +2 ring mail "Disewkoe" (worn) {rC+ Will+}
   (You found it on level 3 of the Dungeon)

   rC:        It protects you from cold.
   Will:      It increases your willpower.
 u - a +1 pair of gloves (worn)
Jewellery
 f - a ring of poison resistance
Wands
 C - a wand of polymorph (9)
Scrolls
 d - 2 scrolls of vulnerability
 e - 4 scrolls of butterflies
 s - 2 scrolls of teleportation
 v - a scroll of summoning
 y - a scroll of fear {unknown}
 B - a scroll of immolation {unknown}
 D - a scroll of magic mapping {unknown}
Potions
 g - 2 potions of invisibility
 l - 3 potions of curing {unknown}
 m - a potion of brilliance {unknown}
 o - 3 potions of mutation {unknown}
 p - 3 potions of ambrosia {unknown}
 r - 2 potions of heal wounds {unknown}
 w - 2 potions of might
 z - 4 potions of attraction {unknown}
 A - a potion of degeneration {unknown}
 E - a potion of flight {unknown}


   Skills:
 + Level 6.4 Fighting
 + Level 10.1 Axes
 + Level 5.7 Armour
 + Level 2.1 Dodging
 + Level 0.4 Stealth
 + Level 4.8 Shields


You had 7 spell levels left.
You didn't know any spells.
Your spell library contained the following spells:

 Spells                   Type           Power      Damage    Failure   Level
 Sandblast                Erth           0%         2d4       65%         1
 Blink                    Tloc           0%         N/A       80%         2
 Passwall                 Tmut/Erth      0%         N/A       80%         2
 Ignite Poison            Fire/Tmut/Pois 0%         N/A       95%         3
 Inner Flame              Hex/Fire       0%         N/A       95%         3
 Lesser Beckoning         Tloc           0%         N/A       95%         3
 Mephitic Cloud           Conj/Pois/Air  0%         N/A       95%         3
 Stone Arrow              Conj/Erth      0%         3d7       95%         3
 Cause Fear               Hex            0%         N/A       100%        4
 Freezing Cloud           Conj/Ice/Air   0%         6-21      100%        5
 Manifold Assault         Tloc           0%         N/A       100%        5
 Discord                  Hex            0%         N/A       100%        8


Dungeon Overview and Level Annotations

Branches:
Dungeon (6/15)             Temple (0/1) D:5

Altars:
Ru
Yredelemnul


Message History

The water moccasin hisses angrily.
The water moccasin bites you.
You are poisoned.
The water moccasin poisons you!
You open the large door.
A phantom comes into view.
You feel very sick. The water moccasin bites you.
The water moccasin barely misses you.
Found 11 gold pieces.
The water moccasin attacks as you move away!
The water moccasin bites you but does no damage.
You feel very sick.
You feel sick. The water moccasin bites you.
* * * LOW HITPOINT WARNING * * *
You are lethally poisoned!
The water moccasin poisons you!
You slash the phantom!
The phantom is severely damaged.
You miss the water moccasin.
* * * LOW HITPOINT WARNING * * *
You feel very sick. The water moccasin bites you.
* * * LOW HITPOINT WARNING * * *
You are more poisoned.
The water moccasin poisons you!
The phantom hits you but does no damage.
You slash the phantom!
You destroy the phantom!
You hit the water moccasin.
You kill the water moccasin!
The dead are slithering!
* * * LOW HITPOINT WARNING * * *
You feel extremely sick.
Your Axes skill increases to level 10!
Unknown command.
Unknown command.
There is a lethal amount of poison in your body!
It was a potion of haste.
You feel yourself speed up.
You die...
Your body rises from the dead as a mindless zombie.

..# #.# ### ... ..#
##### ###.####.#######
≈≈≈≈≈ #
......#.#.....#≈$....
#.##.##.#.#...@.#≈..#
#.#.#...#.#.#####.'Z.#
......_.......###Z'..#
#.#.#...#.#.#.....#≈.#
#.##Z##.#.#.#####≈....
#.....S!#.#.## ≈≈≈≈≈
####.####.#..# #####
^... ..#..# ###.#
###..# ..#...


You could see a friendly water moccasin zombie and a friendly scorpion zombie.

Vanquished Creatures
  Sigmund (D:2)
  The ghost of brob1 the Trooper, an amateur MiBe of Trog (D:3)
  2 water moccasins
  The ghost of Sensen the Trooper, an amateur DsMo (D:3)
  The ghost of chromat the Insei, an amateur DsMo (D:3)
  A centaur (D:6)
  A phantom (D:6)
  A necrophage (D:6)
  A jelly (D:5)
  An orc priest (D:3)
  A hound (D:5)
  Crazy Yiuf (D:2)
  A gnoll bouda (D:5)
  2 iguanas
  Robin (D:2)
  4 gnolls (D:5)
  4 adders
  A shadow imp (D:4)
  3 ufetubi
  2 worms (D:3)
  A dart slug (D:4)
  3 orcs
  4 ball pythons
  11 endoplasms
  8 giant cockroaches
  16 goblins
  8 hobgoblins
  3 jackals (D:1)
  6 kobolds
  4 quokkas
  8 bats
  2 frilled lizards
  10 rats
115 creatures vanquished.

Vanquished Creatures (collateral kills)
  2 scorpions
  A hound (D:5)
  An adder (D:4)
  2 gnolls (D:5)
  A giant cockroach (D:4)
  3 hobgoblins (D:4)
10 creatures vanquished.

Vanquished Creatures (others)
  A centaur zombie (D:6)
  2 hound zombies (D:5)
  An adder zombie (D:5)
  An iguana zombie (D:6)
  A gnoll zombie (D:5)
  A hobgoblin zombie (D:3)
  A kobold zombie (D:3)
  2 orc zombies (D:3)
  2 spectral ufetubi (D:5)
  3 fungi (D:2)
15 creatures vanquished.

Grand Total: 140 creatures vanquished

Notes
Turn   | Place    | Note
-------+----------+-------------------------------------------
     0 | D:1      | kerskuchen the Hill Orc Fighter began the quest for the
                  | Orb.
     0 | D:1      | Reached XP level 1. HP: 19/19 MP: 1/1
     1 | D:1      | Found a runed translucent door.
    27 | D:1      | Reached skill level 3 in Axes
    27 | D:1      | Reached XP level 2. HP: 22/27 MP: 2/2
   454 | D:1      | Reached XP level 3. HP: 32/33 MP: 3/3
   862 | D:1      | Reached XP level 4. HP: 40/40 MP: 4/4
  1104 | D:2      | Found a runed translucent door.
  1105 | D:2      | Noticed Crazy Yiuf
  1113 | D:2      | Killed Crazy Yiuf
  1114 | D:2      | Reached skill level 4 in Axes
  1528 | D:2      | Noticed Sigmund
  1536 | D:2      | Killed Sigmund
  1537 | D:2      | Reached skill level 5 in Fighting
  1537 | D:2      | Reached skill level 5 in Axes
  1537 | D:2      | Reached XP level 5. HP: 48/48 MP: 5/5
  1537 | D:2      | Reached XP level 6. HP: 56/56 MP: 6/6
  1555 | D:2      | You fall into a shaft and drop 1 floor!
  1573 | D:3      | Reached skill level 6 in Axes
  1690 | D:3      | Identified the +2 ring mail "Disewkoe" {rC+ Will+}
  1831 | D:2      | Noticed Robin
  1847 | D:2      | Killed Robin
  1935 | D:2      | Found a faded altar of an unknown god.
  1941 | D:2      | Prayed at the altar of an unknown god.
  1941 | D:2      | Became a worshipper of Yredelemnul the Dark
  1941 | D:2      | Reached * piety under Yredelemnul
  2642 | D:3      | Found a runed translucent gate.
  2642 | D:3      | Found a runed translucent gate.
  2645 | D:3      | Found a runed translucent gate.
  2646 | D:3      | Noticed Sensen's ghost (amateur DsMo)
  2646 | D:3      | Noticed brob1's ghost (amateur MiBe)
  2647 | D:3      | Noticed chromat's ghost (amateur DsMo)
  2685 | D:3      | Killed brob1's ghost
  2686 | D:3      | Reached skill level 7 in Axes
  2686 | D:3      | Reached XP level 7. HP: 29/61 MP: 7/7
  2691 | D:3      | Killed Sensen's ghost
  2692 | D:3      | Reached skill level 1 in Dodging
  2703 | D:3      | Killed chromat's ghost
  3029 | D:4      | Reached skill level 8 in Axes
  3029 | D:4      | Reached skill level 5 in Armour
  3225 | D:4      | Reached ** piety under Yredelemnul
  3475 | D:5      | Entered Level 5 of the Dungeon
  3499 | D:5      | Reached XP level 8. HP: 67/70 MP: 8/8
  3797 | D:5      | Found a staircase to the Ecumenical Temple.
  4006 | D:5      | Reached skill level 9 in Axes
  4847 | D:6      | Found a sacrificial altar of Ru.
  4889 | D:6      | Reached skill level 10 in Axes
  4889 | D:6      | Succumbed to a water moccasin's poison

Illustrated notes

Levels and vault maps discovered:
D:1:      dpeg_arrival_caged_fury, layout_basic, serial_park_tiny_1
D:2:      layout_basic, ebering_ecumenical_altar_hall, nrook_campfire,
          uniq_sigmund, uniq_crazy_yiuf_cottage, uniq_robin
D:3:      layout_basic, gammafunk_ghost_cemetery
D:4:      layout_rooms
D:5:      layout_basic, minmay_temple_entry_stoned_glass,
          minmay_fractal_squares_gapless_5
D:6:      layout_basic, nicolae_ru_sacrificial_ziggurat,
          kennysheep_generic_room_7

Skill      XL: |  1  2  3  4  5  6  7  8 |
---------------+-------------------------+-----
Axes           | 3 5 7 8 10 | 10.1
Fighting       | 4 5 6 |  6.4
Armour         | 4 5 |  5.7
Shields        | 4 |  4.8
Dodging        | 1 2 |  2.1
Stealth        | |  0.4

Action                   |  1- 3 |  4- 6 |  7- 9 || total
-------------------------+-------+-------+-------++-------
Melee: War axe           |   125 |   136 |   104 ||   365
  Use: Potion            |     1 |     1 |     1 ||     3
       Scroll            |       |       |     9 ||     9
Armor: Scale mail        |    62 |    26 |       ||    88
       Ring mail         |       |    28 |    63 ||    91
Dodge: Dodged            |    63 |    70 |    64 ||   197
Block: Buckler           |    28 |    31 |    24 ||    83
